[Event "*** Titled Tuesday 3|2 Blitz"]
[Site "Chess.com"]
[Date "2016.02.02"]
[Round "3"]
[White "Quiet_Desperation"]
[Black "Po6Don"]
[Result "1-0"]
[WhiteElo "2120"]
[BlackElo "2108"]
[TimeControl "180+2"]
[EndTime "17:32:05 PST"]
[Termination "Quiet_Desperation won on time"]

1. e4 e5 2. Nf3 Nc6 3. Bb5 a6 4. Ba4 d6 5. d3 Bd7 6. c3 g6 7.
O-O Bg7 8. h3 Nge7 9. Re1 O-O 10.
Bc2 h6 11. Nbd2 Kh7 12. Nf1 f5 13. d4 fxe4 14. Bxe4 d5 15. Bc2 e4 16. N3h2 Nf5 17. Ne3 Nce7 18. f3 Nxe3 19. Bxe3 exf3 20. Nxf3 Bf5 21.
Ne5 Bxc2 22. Qxc2 Bxe5 23. dxe5 Nf5 24. Bf2 Qe7 25. Rad1 c6 26. c4 dxc4 27. Qxc4 Rad8 28. Bc5 Rxd1 29. Rxd1 Qxe5 30. Bxf8 Qe3+ 31. Kh1 Ng3+ 32. Kh2 Qf4 33. Rd7+ Kh8 34. Qxf4 1-0

[Event "*** Titled Tuesday 3|2 Blitz"]
[Site "Chess.com"]
[Date "2016.02.02"]
[Round "3"]
[White "DanielNaroditsky"]
[Black "lionheart95"]
[Result "1-0"]
[WhiteElo "2552"]
[BlackElo "2280"]
[TimeControl "180+2"]
[EndTime "17:32:14 PST"]
[Termination "DanielNaroditsky won by resignation"]

1. e4 e6 2. d4 d5 3. Nd2 Be7 4. Ngf3 Nf6 5. e5 Nfd7 6. Bd3 c5 7. c3 Nc6 8. O-O a5 9. Re1 cxd4 10. cxd4 Qb6 11. Nb1 Nxd4 12. Nxd4 Qxd4 13. Nc3 Qh4 14. g3 Qh3 15. Bf1 Qf5 16. Bd3 Qh3 17. Nb5 O-O 18.
Nd4 g5 19. Bf1 Qh6 20. h4 Qg7 21. hxg5 Bxg5 22. Bxg5 Qxg5 23. Bg2 b6 24. Re3 Nc5 25.
f4 Qg7 26. Qh5 Ba6 27. f5 Rfe8 28. g4 Nd3 29. fxe6 fxe6 30. Nxe6 Rxe6 31. Bxd5 Nf4 32. Bxe6+ Nxe6 33. Qf5 Re8 34. Rd1 Bc8 35. Rc3 Nc5 36. Qh5 Bxg4 37. Qxe8+ 1-0

[Event "*** Titled Tuesday 3|2 Blitz"]
[Site "Chess.com"]
[Date "2016.02.02"]
[Round "3"]
[White "Silent_Terror"]
[Black "Er_is_geen_hoop_meer"]
[Result "1-0"]
[WhiteElo "2609"]
[BlackElo "2298"]
[TimeControl "180+2"]
[EndTime "17:32:26 PST"]
[Termination "Silent_Terror won by resignation"]

1. e4 c5 2. Be2 Nc6 3. d3 g6 4. f4 Bg7 5. Nf3 Nf6 6. O-O O-O 7. c3 d5 8. e5 Ne8 9. Be3 d4 10. cxd4 cxd4 11. Bf2 Nc7 12. Qd2 f6 13. exf6 Bxf6 14. Bd1 Be6 15. Na3 Nd5 16. Bb3 Bf7 17. Rfe1 a6 18. Nc4 b5 19. Nce5 Qd6 20. Rac1 Rac8 21.
Bg3 Ne3 22. Nxf7 Rxf7 23. f5 Qd8 24. fxg6 hxg6 25. Nh4 Bg5 26. Bxf7+ Kxf7 27. Qf2+ Kg7 28. Qf3 e6 29. Nxg6 Kxg6 30. Rxc6 Rxc6 31. Qxc6 Kf7 32.
Qc7+ Qxc7 33. Bxc7 Nd5 34. Bg3 Nb4 35. Rd1 Nxa2 36. Be1 Nc1 37. Bd2 Bxd2 38. Rxd2 a5 39. Kf2 a4 40. Kf3 e5 41. Ke4 Ke6 42. Rc2 Nb3 43.
Rc6+ Kd7 44. Rb6 Nc5+ 45. Kxe5 b4 46. Kxd4 a3 47. Kxc5 a2 48. Ra6 b3 49. h4 1-0

[Event "*** Titled Tuesday 3|2 Blitz"]
[Site "Chess.com"]
[Date "2016.02.02"]
[Round "3"]
[White "Kanthecarowin"]
[Black "Assasin14"]
[Result "1-0"]
[WhiteElo "2163"]
[BlackElo "2008"]
[TimeControl "180+2"]
[EndTime "17:32:28 PST"]
[Termination "Kanthecarowin won by checkmate"]

1. d4 d5 2. c4 c6 3. cxd5 cxd5 4. Nf3 Nf6 5. Nc3 Nc6 6. Bf4 a6 7. e3 Bg4 8. Rc1 e6 9. Qb3 Bxf3 10. gxf3 Qd7 11. Be2 Be7 12. O-O O-O 13. Rfd1 Na5 14.
Qc2 Rfc8 15. e4 b5 16. Qd3 Nc4 17. Rc2 Qb7 18. e5 Nd7 19. Kh1 Bb4 20. Rg1 Nxb2 21.
Rxb2 Bxc3 22. Rbb1 b4 23. Bh6 g6 24. h4 Rc4 25.
Be3 Rac8 26. h5 Nf8 27. Rg4 R4c7 28. Rbg1 a5 29. Bg5 a4 30. Bf6 Nd7 31. hxg6 fxg6 32.
Rxg6+ hxg6 33. Qxg6+ Kf8 34. Qg7+ Ke8 35. Qe7# 1-0

[Event "*** Titled Tuesday 3|2 Blitz"]
[Site "Chess.com"]
[Date "2016.02.02"]
[Round "3"]
[White "BCNUM8"]
[Black "TheMagician"]
[Result "0-1"]
[WhiteElo "2189"]
[BlackElo "2125"]
[TimeControl "180+2"]
[EndTime "17:32:30 PST"]
[Termination "TheMagician won by resignation"]

1. d4 Nf6 2. Bg5 c5 3. Nc3 cxd4 4. Qxd4 Nc6 5. Qh4 Qa5 6. e4 h6 7. f4 Rg8 8. Bxf6 gxf6 9. Nf3 d6 10. f5 Nb4 11.
Qf2 Bd7 12. a3 Nc6 13. O-O-O Rc8 14. Kb1 Ne5 15. Nxe5 fxe5 16. Rd5 Qb6 17. Qxb6 axb6 18. g3 Bc6 19. Rd3 e6 20. fxe6 fxe6 21. Bh3 Rg6 22. Rf1 Rd8 23. Rdf3 Bg7 24. Rf7 Rd7 25. Rxd7 Bxd7 26.
Rd1 Ke7 27. Rf1 h5 28. Rf3 Bh6 29. Bf1 h4 30. gxh4 Rg1 31. Ka2 Rh1 32. Rg3 Rxf1 0-1

[Event "*** Titled Tuesday 3|2 Blitz"]
[Site "Chess.com"]
[Date "2016.02.02"]
[Round "3"]
[White "Anton_Demchenko"]
[Black "LADIESGET2KNOWME"]
[Result "1-0"]
[WhiteElo "2616"]
[BlackElo "2315"]
[TimeControl "180+2"]
[EndTime "17:32:34 PST"]
[Termination "Anton_Demchenko won by resignation"]

1. e4 e6 2. d4 d5 3. Nd2 Nf6 4. e5 Nfd7 5. c3 c5 6. f4 Nc6 7. Ndf3 Qb6 8. a3 a5 9. b3 Be7 10. h4 Qc7 11. Be3 f6 12. Bd3 cxd4 13. cxd4 fxe5 14.
fxe5 Ncxe5 15. dxe5 Nxe5 16. Bb5+ Bd7 17. Bxd7+ Kxd7 18. Rc1 Nxf3+ 19. Nxf3 Qg3+ 20. Bf2 Qf4 21. O-O Bxa3 22.
Rc2 Rac8 23. Bd4 Bd6 24. Ne5+ Bxe5 25. Rxf4 Bxf4 26. Rxc8 Rxc8 27. Qg4 Bh6 28. Qe2 Rc1+ 29. Kh2 Bf4+ 30. g3 Bd6 31. Qb5+ Kc7 32. Qxa5+ Kc8 33. Qa8+ Kc7 34. Qg8 e5 35. Qxg7+ 1-0

[Event "*** Titled Tuesday 3|2 Blitz"]
[Site "Chess.com"]
[Date "2016.02.02"]
[Round "3"]
[White "pKiLz5Rn9b"]
[Black "DaPazz"]
[Result "1-0"]
[WhiteElo "2345"]
[BlackElo "1989"]
[TimeControl "180+2"]
[EndTime "17:32:52 PST"]
[Termination "pKiLz5Rn9b won by resignation"]

1. e4 e5 2. Nf3 Nc6 3. Bc4 Be7 4.
O-O Nf6 5. d3 O-O 6. Re1 d6 7.
a4 h6 8. Nc3 a6 9. h3 Kh7 10.
d4 exd4 11. Nxd4 Nxd4 12. Qxd4 Nd7 13. Nd5 Ne5 14. Bf1 Nc6 15. Qc3 Bg5 16. f4 Bh4 17. g3 Bf6 18. Nxf6+ Qxf6 19. Qxf6 gxf6 20. c3 f5 21. Bd3 fxe4 22. Bxe4+ f5 23. Bxc6 bxc6 24. Re7+ Kg6 25. Rxc7 c5 26. Be3 Be6 27. Rc6 Rad8 28. Rd1 Bb3 29. Rdxd6+ Rxd6 30. Rxd6+ Rf6 31. Rd8 Re6 32.
Kf2 Bxa4 33. Bxc5 Bb5 34. Rd2 a5 35. b3 a4 36. c4 Bc6 37. b4 Be4 38. b5 a3 39.
Bxa3 1-0

[Event "*** Titled Tuesday 3|2 Blitz"]
[Site "Chess.com"]
[Date "2016.02.02"]
[Round "3"]
[White "Gabrielian_Artur"]
[Black "chessking2151"]
[Result "1-0"]
[WhiteElo "2458"]
[BlackElo "2241"]
[TimeControl "180+2"]
[EndTime "17:32:56 PST"]
[Termination "Gabrielian_Artur won by resignation"]

1. Nf3 d5 2. g3 g6 3. Bg2 Bg7 4. O-O e5 5. d3 Ne7 6. Nbd2 O-O 7. e4 h6 8. Re1 Nbc6 9. c3 Bg4 10. h3 Be6 11.
exd5 Nxd5 12. Nc4 f6 13. d4 Nxc3 14. bxc3 Bxc4 15. Rb1 b5 16. a4 a6 17. Nd2 Bd5 18.
axb5 Bxg2 19. Kxg2 axb5 20. Rxb5 exd4 21. Qb3+ Kh8 22.
Nf3 d3 23. Rd1 Ne5 24. Rd5 Qe8 25. Nxe5 fxe5 26. R5xd3 Qc6+ 27. Qd5 Qf6 28. Be3 Rae8 29. Qe4 Rf7 30. Rd7 Ref8 31. Rxf7 Qxf7 32. c4 Qe6 33. g4 Kh7 34. Rd5 Qf7 35. c5 Qe6 36. Rd2 Qf7 37. h4 Qe6 38. h5 Rb8 39. c6 Re8 40.
Rd7 Re7 41. Qxg6+ Qxg6 1-0

[Event "*** Titled Tuesday 3|2 Blitz"]
[Site "Chess.com"]
[Date "2016.02.02"]
[Round "3"]
[White "DeviatkinAndrey"]
[Black "Zkid"]
[Result "0-1"]
[WhiteElo "2463"]
[BlackElo "2461"]
[TimeControl "180+2"]
[EndTime "17:33:12 PST"]
[Termination "Zkid won by resignation"]

1. g3 g6 2. Bg2 Bg7 3. e4 c5 4.
Ne2 Nc6 5. c3 e6 6. d4 cxd4 7.
cxd4 d5 8. e5 b5 9. Nd2 a5 10.
Nb3 Qb6 11. O-O a4 12. Nc5 Nxe5 13. Nxe6 Nf3+ 14. Bxf3 Bxe6 15. Nf4 Ne7 16. Be3 O-O 17. Rc1 Nf5 18. Rc5 Rac8 19. Nxd5 Bxd5 20. Rxd5 Rfd8 21. Qd3 Bxd4 22. Bxd4 Nxd4 23. Re1 Qf6 24. Rxd8+ Rxd8 25. Bg2 h5 26. h4 Kg7 27. Qe4 b4 28. Qe5 Nc2 29.
Qxf6+ Kxf6 30. Re4 Rd1+ 31. Kh2 Rb1 32. a3 Rxb2 33.
Rf4+ Kg7 34. axb4 Rxb4 35. Bd5 Rxf4 36. gxf4 a3 37. Kg3 Nb4 38. Bc4 a2 39. Bxa2 Nxa2 40.
f5 gxf5 41. Kf4 Kf6 42. f3 Nc3 43. Ke3 Ke5 0-1

[Event "*** Titled Tuesday 3|2 Blitz"]
[Site "Chess.com"]
[Date "2016.02.02"]
[Round "3"]
[White "attack2mateU"]
[Black "ZEN-22"]
[Result "1-0"]
[WhiteElo "2469"]
[BlackElo "2371"]
[TimeControl "180+2"]
[EndTime "17:33:21 PST"]
[Termination "attack2mateU won by resignation"]

1. e4 c5 2. Nf3 e6 3. d4 cxd4 4. Nxd4 Nf6 5. Nc3 Bb4 6. e5 Nd5 7. Qg4 O-O 8. Bh6 g6 9. Bd2 Bxc3 10. bxc3 d6 11. Qg3 dxe5 12. Qxe5 Nd7 13. Qg3 e5 14. Nb3 N7f6 15. Bd3 Nf4 16. Bxf4 Nh5 17. Qf3 Nxf4 18. O-O Nxd3 19. cxd3 Qc7 20. d4 a5 21. Rfe1 a4 22.
Nc5 exd4 23. cxd4 Ra5 24. Rac1 Qd8 25. d5 b6 26. Ne4 Bf5 27. Red1 Re8 28. Ng3 Bd7 29.
d6 Rae5 30. h3 b5 31. a3 h5 32. Rd4 h4 33. Ne4 Bf5 34. d7 Bxe4 35. dxe8=Q+ Qxe8 36. Qf4 g5 37. Qf6 Qe7 38. Qxe7 Rxe7 39. Re1 f5 40. f3 Rc7 41. fxe4 f4 42. e5 Kf7 43. e6+ Ke7 44.
Rd7+ Rxd7 45. exd7+ Kxd7 46. Re5 Kc6 47. Rxg5 1-0

[Event "*** Titled Tuesday 3|2 Blitz"]
[Site "Chess.com"]
[Date "2016.02.02"]
[Round "3"]
[White "spirals5"]
[Black "GM_Huschenbeth"]
[Result "0-1"]
[WhiteElo "2230"]
[BlackElo "2273"]
[TimeControl "180+2"]
[EndTime "17:33:26 PST"]
[Termination "GM_Huschenbeth won on time"]

1. e4 c5 2. Nc3 a6 3. g3 b5 4. Bg2 Bb7 5. d3 e6 6. a3 d5 7. f4 Nc6 8. exd5 Nd4 9. Nge2 Nf6 10. Nxd4 cxd4 11. Ne4 Nxd5 12. O-O g6 13. g4 Qc7 14. f5 gxf5 15. gxf5 O-O-O 16. fxe6 fxe6 17. Qg4 Kb8 18. Qxe6 Bd6 19. Qh3 Rhg8 20. Kh1 Bf4 21. Bxf4 Nxf4 22. Rxf4 Qxf4 23. Rf1 Qc7 24. Rf2 Rdf8 25. Rxf8+ Rxf8 26. Qh6 Rg8 27. Qd2 Qg7 28. Qf2 Rf8 29. Qg3+ Qxg3 30.
hxg3 Bxe4 31. Bxe4 Rf2 32. Bxh7 Rxc2 33. g4 Rxb2 34. g5 Rc2 0-1

[Event "*** Titled Tuesday 3|2 Blitz"]
[Site "Chess.com"]
[Date "2016.02.02"]
[Round "3"]
[White "Dr-Bassem"]
[Black "BillieKimbah"]
[Result "0-1"]
[WhiteElo "2466"]
[BlackElo "2509"]
[TimeControl "180+2"]
[EndTime "17:33:30 PST"]
[Termination "BillieKimbah won on time"]

1. e4 e5 2. Nf3 Nc6 3. Bb5 a6 4. Ba4 Nf6 5. Qe2 Be7 6. O-O b5 7. Bb3 O-O 8. d3 d6 9. c3 Na5 10.
Bc2 c5 11. Rd1 Nc6 12. Nbd2 h6 13. Nf1 Re8 14. h3 Bf8 15. N3h2 Be6 16. Ng4 Nxg4 17.
hxg4 d5 18. Ne3 d4 19. Nf5 Qf6 20. Qf3 Qg6 21. g3 Rad8 22. Kg2 c4 23. a4 b4 24. dxc4 dxc3 25. Rxd8 Rxd8 26. bxc3 Bxc4 27. Rb1 a5 28. Be3 Qe6 29. g5 b3 30. Bd1 hxg5 31.
Bxg5 Rd3 32. Be3 Rxc3 33. Be2 Nd4 34. Bxc4 Qxc4 35. Qh5 Nxf5 36. Qxf5 Rxe3 0-1

[Event "*** Titled Tuesday 3|2 Blitz"]
[Site "Chess.com"]
[Date "2016.02.02"]
[Round "3"]
[White "gmcorrales"]
[Black "Mornar1951"]
[Result "0-1"]
[WhiteElo "2466"]
[BlackElo "2617"]
[TimeControl "180+2"]
[EndTime "17:33:48 PST"]
[Termination "Mornar1951 won by resignation"]

1. e4 e6 2. d4 d5 3. e5 c5 4. c3 Nc6 5. Nf3 Nge7 6. Na3 cxd4 7. cxd4 Nf5 8. Nc2 Nb4 9. a3 Nxc2+ 10. Qxc2 Bd7 11.
Bd3 Rc8 12. Qe2 Qb6 13. Be3 Be7 14. O-O O-O 15. Rfd1 a6 16. Bg5 Nxd4 17. Bxh7+ Kxh7 18. Rxd4 Bb5 19. Qe3 Bc5 20. Rad1 Bxd4 21. Rxd4 Kg8 22.
Bf6 Qc5 23. h3 Qc1+ 24. Qxc1 Rxc1+ 25. Kh2 gxf6 26. Rg4+ Kh7 27. exf6 Bd3 28. Ne5 Bg6 29. h4 Re1 30. Nf3 Re4 31. Ng5+ Kh6 32. Nxe4 dxe4 33. Rg5 Rd8 34. g4 Rd5 35. Rxd5 exd5 36. Kg3 d4 37. Kf4 b6 38. b4 b5 39. h5 Bh7 40. Kg3 d3 41. Kh4 Bf5 42. g5+ Kh7 43. g6+ Bxg6 44.
hxg6+ Kxg6 0-1

[Event "*** Titled Tuesday 3|2 Blitz"]
[Site "Chess.com"]
[Date "2016.02.02"]
[Round "3"]
[White "dcremisi"]
[Black "the_drake"]
[Result "1-0"]
[WhiteElo "2155"]
[BlackElo "2000"]
[TimeControl "180+2"]
[EndTime "17:34:02 PST"]
[Termination "dcremisi won by checkmate"]

1. d4 d5 2. c4 e6 3. Nc3 Nf6 4. cxd5 exd5 5. Bg5 Nbd7 6. e3 Bb4 7. Bd3 Bxc3+ 8. bxc3 c5 9. Ne2 Qa5 10. O-O O-O 11.
Ng3 c4 12. Bf5 Qxc3 13. Rb1 Qa5 14. Bxf6 Nxf6 15. Bxc8 Rfxc8 16. Rb6 Qxb6 17. Nf5 Qe6 18. g4 Rc6 19. Qf3 Rb6 20. Kh1 Rb2 21. g5 Ne4 22.
Qf4 Re8 23. Kg1 Qg6 24. Ne7+ Kf8 25. Nxg6+ hxg6 26. f3 Nd2 27. Rd1 c3 28. Qd6+ Kg8 29.
Qd7 Rxe3 30. Qc8+ Kh7 31. Qh3+ Kg8 32. Qc8+ Kh7 33. Qh3+ Kg8 34. Qc8+ Re8 35. Qxe8+ Kh7 36. Qe3 Rc2 37. Qd3 Rxa2 38. Qxc3 Nc4 39. Re1 b5 40.
Re8 f6 41. f4 Ra3 42. Qe1 Rh3 43. Qe6 fxg5 44. Qxh3# 1-0

[Event "*** Titled Tuesday 3|2 Blitz"]
[Site "Chess.com"]
[Date "2016.02.02"]
[Round "3"]
[White "Yaacovn"]
[Black "dretch"]
[Result "1-0"]
[WhiteElo "2564"]
[BlackElo "2451"]
[TimeControl "180+2"]
[EndTime "17:34:26 PST"]
[Termination "Yaacovn won by resignation"]

1. d4 d5 2. Nf3 Nf6 3. c4 c6 4. cxd5 cxd5 5. Nc3 Nc6 6. Bf4 a6 7. Ne5 e6 8. e3 Nxe5 9. Bxe5 Be7 10. Bd3 O-O 11. O-O b5 12. Rc1 Bb7 13. Qf3 Rc8 14.
Qh3 h6 15. Qg3 Kh8 16. Rc2 Ne8 17. Rfc1 Bd6 18. Ne2 Bxe5 19. dxe5 Rxc2 20. Rxc2 Qa5 21. h4 Qxa2 22. Nd4 Qa1+ 23. Kh2 Qd1 24. Be2 Qe1 25. Qf4 Kg8 26. Bg4 Qb1 27. h5 b4 28. b3 a5 29.
Rc5 a4 30. bxa4 b3 31. Rb5 b2 32. Rxb7 Qa2 33. Nxe6 b1=Q 34. Rxb1 Qxb1 35. Nxf8 Kxf8 36.
Be6 Qb7 37. a5 Qe7 38. Bxd5 Nc7 39. Bc4 Ne6 40. Bxe6 Qxe6 41. Qb4+ Kg8 42. Qe4 Qa6 43.
Qd5 Qa7 44. Qd8+ Kh7 45. Qd3+ Kh8 46. Qd5 Qe7 47. g3 Qe8 48. a6 Qe7 49. Qa8+ Kh7 50. a7 Qg5 51. Qf3 1-0

[Event "*** Titled Tuesday 3|2 Blitz"]
[Site "Chess.com"]
[Date "2016.02.02"]
[Round "3"]
[White "Jahonas"]
[Black "Thomaslegend"]
[Result "1-0"]
[WhiteElo "2199"]
[BlackElo "2096"]
[TimeControl "180+2"]
[EndTime "17:34:30 PST"]
[Termination "Jahonas won by checkmate"]

1. d4 Nf6 2. Nf3 g6 3. c4 Bg7 4. e3 O-O 5. Be2 c5 6. O-O d5 7. cxd5 cxd4 8. exd4 Nxd5 9. Nc3 Nc6 10. Be3 Bg4 11. h3 Nxe3 12. fxe3 Bxf3 13. Bxf3 Qa5 14. Qb3 Rab8 15. a3 e6 16. Ne4 Ne7 17. Nc5 Qc7 18. Rac1 Nc6 19. Qa4 Qe7 20. b4 Bh6 21. Rc3 b5 22.
Qc2 Nd8 23. Kh1 Bg7 24. Rd3 Rc8 25. Rfd1 Nc6 26. Qe2 a5 27. Bxc6 Rxc6 28. bxa5 Ra8 29. a6 e5 30. Qf3 Qc7 31. Rb3 Bf8 32. Rxb5 Bxc5 33. dxc5 Raxa6 34. Rdb1 Kg7 35. Rb7 Qa5 36. Qxf7+ Kh6 37. Qxh7+ Kg5 38. g3 Kf5 39. Rf1+ Ke4 40. Qh4+ Kd5 41. e4+ Kxc5 42. Qe7+ Kd4 43. Rb4+ Ke3 44.
Qg5+ Kd3 45. Rd1+ Kc2 46. Qd2# 1-0

[Event "*** Titled Tuesday 3|2 Blitz"]
[Site "Chess.com"]
[Date "2016.02.02"]
[Round "3"]
[White "cheese111"]
[Black "SenseiJulio"]
[Result "1-0"]
[WhiteElo "2315"]
[BlackElo "2503"]
[TimeControl "180+2"]
[EndTime "17:34:57 PST"]
[Termination "cheese111 won by resignation"]

1. e4 e6 2. d3 c5 3. Nf3 Nc6 4.
g3 Nf6 5. Bg2 d6 6. O-O Be7 7.
Re1 O-O 8. c3 b6 9. d4 cxd4 10.
cxd4 Ba6 11. Nc3 Rc8 12. Bg5 Nb4 13. Qa4 d5 14. e5 b5 15. Qd1 Nd7 16. Bxe7 Qxe7 17.
Bf1 Rb8 18. Rc1 Rfc8 19. Nh4 Nb6 20. f4 Nc4 21. Qe2 Nc6 22. Qf2 g6 23. Nf3 Rc7 24. g4 Kh8 25. Kh1 Rbc8 26. f5 Nb8 27. f6 Qf8 28.
Qh4 Nxb2 29. Ng5 h6 30. Re3 b4 31. Rh3 Bxf1 32. Rxf1 Rxc3 33. Nxf7+ Kh7 34. Qxh6+ Qxh6 35. Rxh6+ Kg8 36. Ng5 Rc1 37. Rxg6+ Kf8 38. Nh7+ Ke8 39.
Rg8+ Kd7 40. Rxc1 Rxc1+ 41. Kg2 Rc2+ 42. Kh3 Rf2 43. Rxb8 Nd3 44. Rb7+ Kc6 45. Re7 Kb5 46. f7 a5 47. f8=Q Rxf8 48. Nxf8 a4 49. Nxe6 Nf2+ 50.
Kg3 Ne4+ 51. Kf4 Kc4 52. Rc7+ Kd3 53. Rb7 Kc3 54. Nc7 Kc4 55. h4 Nc3 56. h5 Ne2+ 57.
Ke3 Nxd4 58. Rxb4+ Kxb4 59. Kxd4 Ka3 60. Nxd5 Kxa2 61. Nc3+ 1-0

[Event "*** Titled Tuesday 3|2 Blitz"]
[Site "Chess.com"]
[Date "2016.02.02"]
[Round "3"]
[White "JusticeBot"]
[Black "GMHess"]
[Result "0-1"]
[WhiteElo "2431"]
[BlackElo "2492"]
[TimeControl "180+2"]
[EndTime "17:35:05 PST"]
[Termination "GMHess won by checkmate"]

1. e4 c5 2. c3 Nf6 3. e5 Nd5 4. d4 cxd4 5. Nf3 e6 6. Bc4 Nc6 7. O-O Nb6 8. Bb3 dxc3 9. Nxc3 d5 10. exd6 Bxd6 11. Qe2 O-O 12. Rd1 Qe7 13. Bc2 Bb4 14.
Bxh7+ Kxh7 15. Ng5+ Kg6 16. Qd3+ f5 17. Qh3 Bxc3 18.
Qh7+ Kf6 19. bxc3 Bd7 20. c4 Rh8 21. Bb2+ e5 22. Ne4+ Kf7 23. Nd6+ Qxd6 24. Rxd6 Rxh7 25. c5 Be6 26. cxb6 axb6 27. a3 Rh4 28. Rad1 Rc4 29. Bc1 Rd4 30. Bb2 Rxd1+ 31. Rxd1 Rd8 32. Rxd8 Nxd8 33. Bxe5 Nc6 34. Bd6 b5 35. f3 Bc4 36.
Kf2 Ke6 37. Bf8 g6 38. Ke3 Ne5 39. Kf4 Bf1 40. g4 Be2 41. Bg7 Nxf3 42. gxf5+ gxf5 43. Ke3 Bd1 44. h3 Ne5 45. Kf4 Nc4 46. Bf8 Nb6 47. h4 Nd5+ 48. Kg5 f4 49. h5 f3 50. Bc5 Nf6 51. h6 Kf7 52. Bd4 f2 53. Bxf2 Ne4+ 54. Kf4 Nxf2 55. h7 Kg7 56. Ke3 Ng4+ 57. Kd2 Ba4 58. Kc3 Kxh7 59. Kb4 Kg6 60. Kc5 Kf5 61. Kb6 Ke4 62. Kxb7 Kd3 63. Ka6 Kc3 64. Ka5 Kb3 65. Kb6 Kxa3 66. Kc5 b4 67. Kd4 b3 68. Kc3 b2 69. Kd2 b1=Q 70. Ke2 Qe4+ 71. Kd2 Qe3# 0-1

[Event "*** Titled Tuesday 3|2 Blitz"]
[Site "Chess.com"]
[Date "2016.02.02"]
[Round "3"]
[White "Noukii"]
[Black "tac49"]
[Result "1-0"]
[WhiteElo "2709"]
[BlackElo "2473"]
[TimeControl "180+2"]
[EndTime "17:35:06 PST"]
[Termination "Noukii won by resignation"]

1. d4 Nf6 2. c4 g6 3. Nc3 Bg7 4. e4 d6 5. Nf3 O-O 6. Be2 e5 7. O-O Nbd7 8. Be3 Qe7 9. dxe5 dxe5 10. Nd5 Qd8 11. Qc2 c6 12. Nxf6+ Qxf6 13. c5 Qe7 14. Rfd1 Re8 15. Rd6 Nf8 16. h3 Ne6 17. Rad1 h6 18. Bc4 Kh7 19. b4 Nf4 20. Bxf4 exf4 21. e5 a5 22. a3 axb4 23. axb4 Ra3 24. Bd3 Be6 25. Re1 Rea8 26. Nd4 Ra1 27. Qe2 R8a2 28. Qf1 Rxe1 29.
Qxe1 Qg5 30. Nf3 Qh5 31. Qe4 Bf5 32. Qxf4 Bxd3 33. Rxd3 Ra1+ 34. Kh2 g5 35. Qf5+ Qg6 36. g4 Rb1 37. Rd4 Rb2 38. Kg2 Qxf5 39. gxf5 Re2 40. f6 Bf8 41. Rd8 Kg8 42. Kg3 h5 43.
Rb8 h4+ 44. Kg4 Rxf2 45. Nxg5 Rg2+ 46. Kxh4 Rg1 47. e6 fxe6 48. Nxe6 Kh7 49. Nxf8+ 1-0

[Event "*** Titled Tuesday 3|2 Blitz"]
[Site "Chess.com"]
[Date "2016.02.02"]
[Round "3"]
[White "AndreyOstrovskiy"]
[Black "Ar4uha"]
[Result "1-0"]
[WhiteElo "2471"]
[BlackElo "2399"]
[TimeControl "180+2"]
[EndTime "17:35:31 PST"]
[Termination "AndreyOstrovskiy won by resignation"]

1. e4 d6 2. d4 Nf6 3. f3 e5 4. dxe5 dxe5 5. Qxd8+ Kxd8 6. Bc4 Be6 7. Bxe6 fxe6 8.
Nh3 Bc5 9. Nd2 Ke7 10. Nb3 Bb6 11. Nf2 a5 12. Nd3 Nbd7 13. a4 c6 14. Bd2 Rhg8 15. h4 Nh5 16. g4 Nf4 17. Nxf4 exf4 18. Bxf4 Rgf8 19. Bg5+ Kd6 20. Ke2 Ne5 21. Nd2 Kc7 22. h5 Rf7 23. Bh4 Bc5 24. Bg3 Bd6 25. Bxe5 Bxe5 26. Nc4 Bd4 27. Rhd1 Bc5 28. c3 Raf8 29. Rd3 b6 30. Rad1 Re7 31. Ne5 Rfe8 32. Rd7+ Kc8 33.
Rxe7 Rxe7 34. Nxc6 Rc7 35. Rd8+ Kb7 36. Ne5 Be7 37. Re8 Bf6 38. Nd3 Rc4 39. e5 Bg5 40. Rxe6 Rxa4 41. Re8 Kc7 42. Rf8 Kc6 43. f4 Bh4 44. g5 h6 45. g6 Kd5 46. Kf3 Kc4 47. Nc1 Ra1 48. Rc8+ Kd5 49. Ne2 Rf1+ 50. Kg4 Be7 51. Rc7 Bc5 52. Rxg7 Re1 53. Ng3 Rg1 54. Kf3 Ke6 55. Ne4 Rf1+ 56. Kg4 Rg1+ 57. Kh3 Be3 58. Rf7 Kd5 59. Ng3 Bf2 60. Ne2 Ke4 61. Nxg1 1-0

[Event "*** Titled Tuesday 3|2 Blitz"]
[Site "Chess.com"]
[Date "2016.02.02"]
[Round "3"]
[White "tigra"]
[Black "vellottiwizard"]
[Result "1/2-1/2"]
[WhiteElo "2412"]
[BlackElo "2431"]
[TimeControl "180+2"]
[EndTime "17:35:37 PST"]
[Termination "Game drawn - insufficient material"]

1. e4 e6 2. d4 d5 3. Nc3 Bb4 4. e5 c5 5. a3 Bxc3+ 6. bxc3 Ne7 7. Qg4 Qc7 8. Qxg7 Rg8 9. Qxh7 cxd4 10. Ne2 Nbc6 11. f4 dxc3 12. Rb1 Bd7 13. h4 d4 14. h5 O-O-O 15. Qe4 Nf5 16. Rh3 Rg7 17. Rd3 Rh8 18. Qf3 Nh4 19. Qf2 Nf5 20. Rh3 Qa5 21. Ng1 Qd5 22.
Qf3 Qa2 23. Rb3 Qxc2 24. Qd1 Rxg2 25. Ne2 Qxd1+ 26. Kxd1 Rg7 27. a4 Rgh7 28. Ba3 Rxh5 29. Rd3 Rh1 30. Ke1 R8h2 31. Bc5 Ne3 32. Rxe3 dxe3 33. Rxc3 b6 34. Bxe3 Kb7 35. Ng3 Rxf1+ 36. Kxf1 Ra2 37. Ne4 Rxa4 38. Nd6+ Kb8 39. Nxf7 Ne7 40.
Rb3 Nd5 41. f5 exf5 42. Bf2 Re4 43. Kg1 Be6 44. Bg3 f4 45. Nd8 Rxe5 46. Nc6+ Kc7 47. Nxe5 fxg3 48. Rxg3 a5 49. Kf2 b5 50. Ke2 Kd6 51. Nd3 Nc3+ 52. Ke3 b4 53. Rg5 Bd5 54.
Kd4 Nb5+ 55. Ke3 b3 56. Rg6+ Kc7 57. Kd2 a4 58. Ra6 a3 59. Kc1 Kb7 60. Nc5+ Kc7 61. Nxb3 Bxb3 62. Rxa3 Nxa3 63. Kb2 Nc4+ 64. Kxb3 1/2-1/2

[Event "*** Titled Tuesday 3|2 Blitz"]
[Site "Chess.com"]
[Date "2016.02.02"]
[Round "3"]
[White "Recombinant"]
[Black "AungTZ"]
[Result "1-0"]
[WhiteElo "2222"]
[BlackElo "2095"]
[TimeControl "180+2"]
[EndTime "17:35:38 PST"]
[Termination "Recombinant won by resignation"]

1. d4 Nf6 2. c4 e6 3. Nc3 d5 4.
Bg5 Be7 5. e3 Ne4 6. Bxe7 Qxe7 7. cxd5 Nxc3 8. bxc3 exd5 9. Bd3 c6 10. Ne2 O-O 11. O-O Nd7 12. Qd2 Nf6 13. f3 Re8 14. Kf2 Bd7 15. Rae1 Qd6 16. Ng3 g6 17. Kg1 h5 18. e4 dxe4 19. fxe4 Qe7 20. e5 Nd5 21. Ne4 Be6 22. c4 Nc7 23. Nf6+ Kg7 24. Qg5 Qd8 25.
Nxh5+ Kh7 26. Nf6+ Kg7 27. Nxe8+ Qxe8 28. Qf6+ Kg8 29. Rf4 Qd8 30. h4 Qxf6 31. exf6 Rd8 32. Re5 b5 33. cxb5 cxb5 34. Bxb5 Nd5 35. Rf2 Nc3 36. Rd2 Bd5 37. Re8+ Rxe8 38. Bxe8 Nxa2 39. Rb2 Nc3 40. Rb8 Kh7 41. Bd7 Ne2+ 42. Kf2 Nxd4 43.
Ba4 Nf5 44. Rb5 Be6 45. h5 Nd6 46. Ra5 Ne4+ 47. Ke3 Nxf6 48. hxg6+ Kxg6 49. Bc2+ Kg7 50. Rxa7 Nd5+ 51. Kd4 Nb4 52. Be4 Na2 53. Bd5 Bxd5 54. Kxd5 Nc1 55. Ra3 Ne2 56. Ke5 Kg6 57. Re3 Nc1 58.
Kd4 f5 59. Kc3 Na2+ 60. Kc4 Kg5 61. Re1 Kf4 62. Ra1 1-0

[Event "*** Titled Tuesday 3|2 Blitz"]
[Site "Chess.com"]
[Date "2016.02.02"]
[Round "3"]
[White "pedromartinez91"]
[Black "ethylalcohol"]
[Result "1/2-1/2"]
[WhiteElo "1976"]
[BlackElo "1739"]
[TimeControl "180+2"]
[EndTime "17:35:38 PST"]
[Termination "Game drawn by repetition"]

1. e4 e5 2. Nf3 Nc6 3. Bb5 Nf6 4. O-O Nxe4 5. Re1 Nd6 6. Nxe5 Be7 7. Nxc6 dxc6 8. Bf1 O-O 9. d4 Nf5 10. c3 Be6 11.
Bf4 c5 12. dxc5 Bxc5 13. Qxd8 Rfxd8 14. Bxc7 Rd7 15. Bf4 Rad8 16. b4 Bb6 17. Na3 a5 18.
Nc4 Bxc4 19. Bxc4 axb4 20. cxb4 Rd4 21. Bg5 Rf8 22. Bb3 Rxb4 23. Rad1 Rg4 24. Be7 Rc8 25. Rc1 Rxc1 26. Rxc1 Nxe7 27. Re1 Kf8 28. Kf1 Rf4 29. f3 Nc6 30. Rd1 Rd4 31. Rc1 Rf4 32. Bd5 Rf6 33. Rb1 Nd4 34. Bxb7 g6 35. a4 Kg7 36. Bd5 Bc7 37. Rb7 Bxh2 38. a5 Rf5 39. Rd7 Nb5 40. a6 Bg3 41. Ke2 Nd6 42.
Rxd6 Bxd6 43. a7 Re5+ 44. Kf1 Re8 45. a8=Q Rxa8 46. Bxa8 f6 47. g4 Kh6 48. Kg2 Kg5 49. Bd5 h6 50. Bb7 f5 51. gxf5 gxf5 52. Kh3 h5 53.
Ba8 h4 54. Bb7 Bg3 55. Ba8 Kf4 56. Bb7 Ke3 57. Ba8 Kf4 58. Bb7 Ke3 59. Ba8 Kf4 60. Bb7 Ke3 61. Ba8 Kf4 62. Bb7 Ke3 63. Ba8 1/2-1/2